 Dungeon Crawl Stone Soup version 0.22.0-49-gab54619674 (webtiles) character file.

313623 Kniotic the Axe Maniac (level 20, -3/298 HPs)
             Began as a Minotaur Berserker on Aug 23, 2018.
             Was a High Priest of Trog.
             Killed by divine providence
             ... invoked by an orc priest
             ... led by an orc knight
              (14 damage)
             ... on level 3 of the Vaults on Sept 8, 2018.
             The game lasted 02:03:52 (54431 turns).

Kniotic the Axe Maniac (Minotaur Berserker)        Turns: 54431, Time: 02:03:52

Health: -3/298     AC: 31    Str: 41    XL:     20   Next: 47%
Magic:  17/17      EV: 10    Int:  7    God:    Trog [*****.]
Gold:   951        SH:  0    Dex: 12    Spells: 19/19 levels left

rFire    . . .     SeeInvis .   Y - +8 battleaxe (flame)
rCold    . . .     Gourm    .   (shield currently unavailable)
rNeg     . . .     Faith    .   X - +9 plate armour "Susocaoc" {Regen+}
rPois    +         Spirit   .   b - +2 hat {Int+3}
rElec    .         Reflect  .   (no cloak)
rCorr    +         Harm     .   (no gloves)
MR       +....                  q - +0 pair of boots "Kaniph" {rCorr Str+4}
Stlth    ..........             (no amulet)
HPRegen  0.99/turn              p - ring of poison resistance
MPRegen  0.15/turn              x - +3 ring of strength

@: berserking (expiring), liquid flames, glowing, very quick
A: retaliatory headbutt, horns 2, low mp 1
}: 2/15 runes: barnacled, gossamer
a: Berserk, Trog's Hand, Brothers in Arms, Renounce Religion


You were on level 3 of the Vaults.
You worshipped Trog.
Trog was extremely pleased with you.
You were very hungry.

You visited 6 branches of the dungeon, and saw 34 of its levels.
You visited the Abyss 1 time.
You visited 1 bazaar.
You also visited: Sewer and Ossuary.

You collected 3557 gold pieces.
You spent 2606 gold pieces at shops.

Inventory:

Hand Weapons
 Y - a +8 battleaxe of flaming (weapon)
Missiles
 h - 5 throwing nets (quivered)
Armour
 b - a +2 hat of intelligence (worn)
 q - the +0 pair of boots "Kaniph" (worn) {rCorr Str+4}
   (You found it on level 4 of the Spider Nest)

   It affects your strength (+4).
   It provides partial protection from all sources of acid and corrosion.
 T - +2 storm dragon scales
 X - the +9 plate armour "Susocaoc" (worn) {Regen+}
   (You bought it in a shop in a bazaar)

   It increases your rate of regeneration.
Jewellery
 p - a ring of poison resistance (left hand)
 x - a +3 ring of strength (right hand)
 A - an uncursed ring of resist corrosion
Wands
 v - a wand of clouds (2)
 B - a wand of acid (24)
 J - a wand of digging (25)
 R - a wand of disintegration (34)
Scrolls
 d - 23 scrolls of remove curse
 j - 3 scrolls of immolation
 m - 14 scrolls of teleportation
 o - 5 scrolls of fear
 t - 2 scrolls of magic mapping
 u - 3 scrolls of enchant armour
 w - 2 scrolls of enchant weapon
 y - 2 scrolls of blinking
 D - a scroll of fog
 H - a scroll of torment
 K - 7 scrolls of identify
 L - 4 scrolls of holy word
 N - a scroll of silence
 P - 2 scrolls of vulnerability
 S - a scroll of summoning
 U - a scroll of brand weapon
Potions
 a - 3 potions of mutation
 e - 2 potions of flight
 f - 8 potions of brilliance
 g - 12 potions of curing
 i - 5 potions of agility
 k - 6 potions of heal wounds
 l - 9 potions of might
 n - 6 potions of berserk rage
 r - 9 potions of lignification
 s - 3 potions of resistance
 z - 2 potions of haste
 F - 2 potions of magic
 M - 8 potions of ambrosia
 O - a potion of cancellation
 Q - 4 potions of invisibility
Miscellaneous
 I - 2 phantom mirrors
 W - a box of beasts
Comestibles
 c - 38 rations
 C - 19 chunks of flesh


   Skills:
 + Level 21.7 Fighting
 O Level 27 Axes
 + Level 19.5 Armour
 - Level 2.1 Dodging


You had 19 spell levels left.
You didn't know any spells.
Your spell library was empty.

Dungeon Overview and Level Annotations

Branches:
Dungeon (15/15)            Temple (0/1) D:5            Lair (6/6) D:9
 Shoals (4/4) Lair:3       Spider (4/4) Lair:2        Slime (0/5) Lair:6
    Orc (2/2) D:10            Elf (0/3) Orc:2        Vaults (3/5) D:13
  Crypt (0/3) Vaults:2     Depths (0/5) D:15

Altars:
Okawaru
Qazlal
Ru
Uskayaw
Zin
Beogh
Jiyva

Shops:
D:6 !   D:8 :   D:11 (   Orc:2 }(*(   Shoals:4 :*

Annotations:
D:6 1 transporter
Lair:6 1 runed door
Vaults:3 Xtahua


Innate Abilities, Weirdness & Mutations

You reflexively headbutt those who attack you in melee.
You have a pair of horns on your head.
Your magical capacity is low. (-10% MP)


Message History

Xtahua barely misses you. Xtahua claws you but does no damage.
Xtahua tramples you.
* * * LOW HITPOINT WARNING * * *
You hold your ground!
You slash Xtahua! You headbutt Xtahua.
Xtahua is almost dead.
You barely miss the ironbrand convoker. You slice the deep elf mage!!
You burn the deep elf mage. You slice the fire elemental!!
You destroy the fire elemental!
You are covered in liquid flames!
* * * LOW HITPOINT WARNING * * *
The deep elf mage closely misses you. You furiously retaliate!
You headbutt the deep elf mage!!
You kill the deep elf mage!
Trog accepts your kill.
Trog appreciates your killing of a magic user.
The ironbrand convoker hits you but does no damage.
The orc priest mumbles some strange prayers to Beogh against you.
Beogh smites you!
You die...

.. .. # .####
#. ..#..# #..
..'.
#..####O.####
#....)Do.....
#....@pcc....
#####)########
#..........
#).........
#))#######..#
#########..#
..#
#.......#..#
..#
#.......'..#
..#
#.....))#..#
..#


You could see Xtahua, a yaktaur captain, a two-headed ogre, an ironbrand
convoker, a yaktaur and an orc priest.

Vanquished Creatures
  Saint Roka (Vaults:1)
  Rupert (Orc:2)
  A titan (Shoals:1)
  Gastronok (Lair:1)
  5 krakens
  Donald (Orc:1)
  Roxanne (Shoals:1)
  Ilsuiw (Shoals:3)
  2 fire giants
  5 vault wardens
  An orc warlord (Orc:2)
  4 emperor scorpions (Spider:4)
  7 ghost moths
  A stone giant (D:13)
  A war gargoyle (Vaults:2)
  The ghost of Loge the Impaler, a journeyman MfGl of Okawaru (Lair:4)
  5 ironheart preservers
  2 very ugly things (Vaults:3)
  A vampire knight (Vaults:2)
  Nessos (Orc:2)
  An entropy weaver (Spider:3)
  An ettin (Vaults:1)
  6 merfolk javelineers
  9 merfolk impalers
  A fire dragon (Vaults:3)
  A deep elf death mage (Vaults:2)
  3 yaktaur captains
  A vault guard (D:13)
  3 hydras
  3 rakshasas (Vaults:2)
  5 centaur warriors
  A catoblepas (Lair:3)
  6 merfolk aquamancers
  A deep troll shaman (Vaults:1)
  2 satyrs (Shoals:3)
  2 alligator snapping turtles (Shoals:3)
  3 merfolk avatars (Shoals:4)
  A death knight (Vaults:1)
  22 two-headed ogres
  A deep troll earth mage (Vaults:1)
  7 ogre magi
  Urug (Lair:1)
  8 death yaks
  3 deep elf knights (Vaults:2)
  Sonja (Orc:2)
  2 shadow wraiths
  2 glowing orange brains (Vaults:2)
  An unseen horror (Vaults:1)
  A kraken simulacrum (Shoals:4)
  11 sea snakes
  12 deep trolls
  A harpy (shapeshifter) (Vaults:1)
  A deep elf archer (Vaults:2)
  7 ironbrand convokers
  14 harpies
  5 orc knights
  30 wolf spiders
  9 ugly things
  10 deep elf magi
  7 fauns
  An orc sorcerer (Orc:2)
  14 manticores
  15 orb spiders
  9 elephants
  13 cyclopes
  12 merfolk sirens
  10 black mambas
  2 moths of wrath
  Joseph (Lair:1)
  6 water nymphs
  6 vault sentinels
  3 gargoyles
  3 naga magi (D:15)
  An apocalypse crab (Abyss:2)
  A guardian serpent (Lair:6)
  An orange demon (Abyss:2)
  4 centaur skeletons
  2 torpor snails
  A spiny frog (shapeshifter) (Vaults:1)
  18 spiny frogs
  11 komodo dragons
  Psyche (D:11)
  6 rime drakes
  13 demonic crawlers
  5 freezing wraiths
  An efreet (D:13)
  A kobold demonologist (D:7)
  A yaktaur (shapeshifter) (Vaults:1)
  16 yaktaurs
  16 trolls
  31 merfolk
  An ancient zyme (Abyss:2)
  The ghost of IceCat the Magician, a novice DEIE of Sif Muna (D:7)
  52 jumping spiders
  A polar bear (shapeshifter) (Vaults:2)
  6 meliai
  13 hornets
  6 wind drakes
  5 slime creatures (Vaults:1)
  13 blink frogs
  A hippogriff (shapeshifter) (Vaults:1)
  14 dream sheep
  15 hippogriffs
  10 snapping turtles
  6 wraiths
  A tarantella (shapeshifter) (D:13)
  94 redbacks
  A spriggan (Lair:6)
  3 shadows
  35 tarantellas
  Sigmund (D:3)
  8 water elementals
  3 vampires (Vaults:2)
  10 wyverns
  A human (D:10)
  A basilisk (Lair:3)
  38 yaks
  3 steam dragons
  5 hungry ghosts
  A neqoxec (Abyss:2)
  2 wargs (Vaults:1)
  The ghost of Nurxa the Shield-Bearer, an amateur GrFi (D:4)
  A soldier ant (shapeshifter) (D:15)
  A soldier ant (D:12)
  7 porcupines
  23 water moccasins
  A floating eye (shapeshifter) (Vaults:2)
  2 sky beasts (D:12)
  28 orc warriors
  2 eyes of draining
  A hornet zombie (D:10)
  6 ice beasts
  2 black bears
  34 ogres
  2 necrophages
  8 wolves
  2 phantoms
  13 centaurs
  14 crocodiles
  10 big kobolds
  A small abomination (Abyss:2)
  23 bullfrogs
  A wyvern zombie (D:14)
  A wyvern skeleton (D:12)
  3 scorpions
  7 wights
  3 electric eels
  4 howler monkeys
  6 crimson imps
  3 bullfrog zombies
  A human zombie (Ossuary)
  3 hounds
  A quasit (D:7)
  4 centaur zombies
  3 jellies
  8 orc priests
  4 iguanas
  14 orc wizards
  7 worker ants
  2 big kobold zombies (Ossuary)
  A hound zombie (D:5)
  A hound skeleton (D:9)
  2 mummies (Ossuary)
  A howler monkey skeleton (D:7)
  14 adders
  4 shadow imps
  3 adder zombies
  4 adder skeletons
  7 worms
  2 dart slugs
  10 leopard geckos
  55 orcs
  13 giant cockroaches
  7 goblins
  11 hobgoblins
  17 jackals
  3 quokkas
  3 ball pythons
  8 bats
  10 frilled lizards
  A goblin zombie (Ossuary)
  6 hobgoblin zombies (Ossuary)
  2 jackal zombies (Ossuary)
  15 kobolds
  9 kobold zombies (Ossuary)
  12 orc zombies (Ossuary)
  A quokka skeleton (D:8)
  11 rats
  2 rat zombies (Ossuary)
  3 fungi
  23 plants
  13 tentacles (Shoals:2)
1356 creatures vanquished.

Vanquished Creatures (collateral kills)
  4 hydras
  A two-headed ogre (D:11)
  A death knight (D:11)
  A harpy (Shoals:3)
  5 orb spiders
  2 wolf spiders (Spider:4)
  A merfolk siren (Shoals:3)
  A black mamba (Lair:1)
  A gargoyle (D:15)
  A spiny frog (Lair:6)
  A demonic crawler (Spider:3)
  A jumping spider (Spider:1)
  A merfolk (Shoals:3)
  A hippogriff (D:15)
  5 redbacks
  A tarantella (Spider:1)
  A water moccasin (Lair:6)
  A porcupine (Lair:1)
  5 orc warriors
  An ogre (Orc:2)
  An orc priest (Orc:2)
  An orc wizard (Orc:2)
  7 orcs
  A fungus (Lair:6)
46 creatures vanquished.

Vanquished Creatures (others)
  A ghost moth (Spider:4)
  A jumping spider (Spider:4)
  A tarantella (Spider:4)
  28 fungi
  41 plants
  79 tentacles
151 creatures vanquished.

Grand Total: 1553 creatures vanquished

Notes
Turn   | Place    | Note
-------+----------+-------------------------------------------
     0 | D:1      | Kniotic the Minotaur Berserker began the quest for the Orb.
     0 | D:1      | Reached XP level 1. HP: 19/19 MP: 0/0
    71 | D:1      | Reached skill level 4 in Axes
   195 | D:1      | Reached XP level 2. HP: 26/26 MP: 1/1
   512 | D:1      | Reached ** piety under Trog
   512 | D:1      | Reached skill level 5 in Axes
   746 | D:1      | Reached XP level 3. HP: 31/31 MP: 2/2
  1056 | D:2      | Reached skill level 6 in Axes
  1056 | D:2      | Reached XP level 4. HP: 23/39 MP: 3/3
  2013 | D:3      | Reached skill level 7 in Axes
  2013 | D:3      | Reached XP level 5. HP: 45/45 MP: 4/4
  2516 | D:3      | Noticed Sigmund
  2533 | D:3      | Killed Sigmund
  2533 | D:3      | Reached skill level 8 in Axes
  2533 | D:3      | Reached XP level 6. HP: 21/51 MP: 5/5
  2535 | D:3      | Reached *** piety under Trog
  3112 | D:3      | Found a sacrificial altar of Ru.
  3335 | D:4      | Reached skill level 9 in Axes
  3470 | D:4      | Found a runed gate.
  3470 | D:4      | Found a runed gate.
  3470 | D:4      | Found a runed gate.
  3470 | D:4      | Noticed Nurxa's ghost (amateur GrFi)
  3955 | D:4      | Killed Nurxa's ghost
  3955 | D:4      | Reached skill level 10 in Axes
  3955 | D:4      | Reached XP level 7. HP: 57/57 MP: 6/6
  4072 | D:5      | Entered Level 5 of the Dungeon
  4074 | D:5      | Found a glowing drain.
  4103 | Sewer    | Entered a sewer
  4132 | Sewer    | Reached **** piety under Trog
  4489 | D:5      | Found a glowing silver altar of Zin.
  4560 | D:5      | Found a stormy altar of Qazlal.
  4601 | D:5      | Reached skill level 11 in Axes
  4801 | D:5      | Found a staircase to the Ecumenical Temple.
  5301 | D:6      | Reached XP level 8. HP: 57/64 MP: 7/7
  5480 | D:6      | Found a transporter.
  5512 | D:6      | Reached skill level 12 in Axes
  5559 | D:6      | Found Enuase's Distillery.
  5567 | D:6      | Bought 2 potions of heal wounds for 120 gold pieces
  5567 | D:6      | Bought a potion of heal wounds for 60 gold pieces
  5567 | D:6      | Bought a potion of heal wounds for 60 gold pieces
  5590 | D:6      | You fall through a shaft!
  5694 | D:7      | Found a sand-covered staircase.
  5717 | Ossuary  | Entered an ossuary
  5876 | Ossuary  | Reached ***** piety under Trog
  5986 | D:7      | Noticed a hand axe
  5987 | D:7      | Noticed a dagger
  6002 | D:7      | Reached skill level 13 in Axes
  6003 | D:7      | Found a hide-covered altar of Uskayaw.
  6256 | D:7      | Reached XP level 9. HP: 33/70 MP: 8/8
  6546 | D:7      | Found a runed gate.
  6546 | D:7      | Noticed a kobold demonologist
  6547 | D:7      | Found a runed gate.
  6547 | D:7      | Noticed IceCat's ghost (novice DEIE)
  6548 | D:7      | Found a runed gate.
  6622 | D:7      | Killed a kobold demonologist
  6622 | D:7      | Reached skill level 14 in Axes
  6645 | D:7      | Cast into level 2 of the Abyss (big kobold)
  6708 | Abyss:2  | Gained mutation: Your magical capacity is low. (-10% MP) [a
                  | neqoxec]
  6746 | Abyss:2  | Noticed an apocalypse crab
  6757 | Abyss:2  | Noticed an orange demon
  6765 | Abyss:2  | Killed an orange demon
  6765 | Abyss:2  | Reached skill level 15 in Axes
  6776 | Abyss:2  | Noticed an ancient zyme
  6799 | Abyss:2  | Killed an ancient zyme
  6823 | Abyss:2  | Killed an apocalypse crab
  6823 | Abyss:2  | Reached skill level 16 in Axes
  6862 | D:7      | Escaped the Abyss
  7253 | D:7      | Reached XP level 10. HP: 61/77 MP: 8/8
  7261 | D:7      | Killed IceCat's ghost
  7265 | D:7      | Reached skill level 5 in Armour
  8007 | D:8      | Found Careocw's Book Emporium.
  8254 | D:9      | Got a crude scale mail
  8363 | D:9      | Found an iron altar of Okawaru.
  8500 | D:9      | Noticed a two-headed ogre
  8506 | D:9      | Killed a two-headed ogre
  8727 | D:9      | Noticed a death yak
  8727 | D:9      | Noticed a death yak
  8727 | D:9      | Noticed a death yak
  8741 | D:9      | Killed a death yak
  8742 | D:9      | Noticed a death yak
  8743 | D:9      | Noticed a death yak
  8743 | D:9      | Noticed a death yak
  8743 | D:9      | Noticed a death yak
  8748 | D:9      | Noticed a death yak
  8832 | D:8      | Killed a death yak
  8832 | D:8      | Reached skill level 10 in Armour
  9039 | D:8      | Killed a death yak
  9198 | D:9      | Noticed a four-headed hydra
  9201 | D:9      | Killed a three-headed hydra
  9201 | D:9      | Reached XP level 11. HP: 68/82 MP: 8/8
  9384 | D:9      | Found a staircase to the Lair.
  9619 | D:9      | Killed a death yak
  9980 | D:9      | Killed a death yak
  9998 | D:9      | Killed a death yak
 10001 | D:9      | Killed a death yak
 10004 | D:9      | Killed a death yak
 10231 | D:10     | Entered Level 10 of the Dungeon
 10787 | D:10     | Received a gift from Trog
 10855 | D:10     | Found a staircase to the Orcish Mines.
 11000 | D:11     | Noticed a two-headed ogre
 11012 | D:11     | Killed a two-headed ogre
 11116 | D:11     | Noticed a death knight
 11158 | D:11     | Reached skill level 15 in Armour
 11549 | D:11     | Killed a death knight
 11610 | D:11     | Found Xatextul's Weapon Boutique.
 11610 | D:11     | Noticed Psyche
 11616 | D:11     | Killed Psyche
 11616 | D:11     | Reached XP level 12. HP: 87/90 MP: 9/9
 12235 | Lair:1   | Entered Level 1 of the Lair of Beasts
 12241 | Lair:1   | Noticed a seven-headed hydra
 12251 | Lair:1   | Noticed Joseph
 12253 | Lair:1   | Killed an eight-headed hydra
 12282 | D:9      | Reached skill level 5 in Fighting
 12314 | Lair:1   | Killed Joseph
 12377 | Lair:1   | Noticed a six-headed hydra
 12385 | Lair:1   | Killed a seven-headed hydra
 12778 | Lair:1   | Noticed Urug
 12791 | Lair:1   | Killed Urug
 12855 | Lair:1   | Identified the +2 scale mail of Leapfrog {rCorr Str+5
                  | Stlth+} (You found it on level 9 of the Dungeon)
 12950 | Lair:1   | Noticed Gastronok
 12962 | Lair:1   | Killed Gastronok
 13361 | Lair:2   | Received a gift from Trog
 13361 | Lair:2   | Reached skill level 10 in Fighting
 13526 | Lair:2   | Found a hole to the Spider Nest.
 14662 | Lair:3   | Noticed a catoblepas
 14670 | Lair:3   | Killed a catoblepas
 14670 | Lair:3   | Reached XP level 13. HP: 92/118 MP: 3/10
 14787 | Lair:3   | Found a staircase to the Shoals.
 14844 | Lair:3   | Found a glowing silver altar of Zin.
 15691 | Lair:4   | Found a runed door.
 15692 | Lair:4   | Noticed Loge's ghost (journeyman MfGl)
 16174 | Lair:4   | Killed Loge's ghost
 16202 | Lair:4   | Got a bloodstained morningstar
 16819 | Lair:5   | Received a gift from Trog
 17296 | Lair:5   | Reached skill level 15 in Fighting
 17701 | Lair:6   | Entered Level 6 of the Lair of Beasts
 18781 | Lair:6   | Received a gift from Trog
 18916 | Lair:6   | Reached XP level 14. HP: 91/137 MP: 3/11
 18954 | Lair:6   | Reached skill level 17 in Axes
 19136 | Lair:6   | Received a gift from Trog
 19139 | Lair:6   | Got a crude mace {god gift}
 19995 | Lair:6   | Reached skill level 18 in Axes
 20219 | Lair:6   | Identified the +10 morningstar of Idat {crush, +Rage rC-
                  | rN+ Str+4} (You found it on level 4 of the Lair of Beasts)
 20220 | Lair:6   | Identified the +12 mace of the Wasteland {flame, Int+7}
                  | (Trog gifted it to you on level 6 of the Lair of Beasts)
 20235 | Lair:6   | Found a runed door.
 20235 | Lair:6   | Found a viscous altar of Jiyva.
 20239 | Lair:6   | Found a staircase to the Slime Pits.
 22231 | D:13     | Reached skill level 19 in Axes
 22916 | D:13     | Found a gate to the Vaults.
 23344 | D:14     | Received a gift from Trog
 23352 | D:14     | Got a brightly glowing long sword {god gift}
 24172 | D:15     | Entered Level 15 of the Dungeon
 24404 | D:15     | Found an iron altar of Okawaru.
 24472 | D:15     | Reached skill level 20 in Axes
 25236 | D:15     | Reached XP level 15. HP: 95/144 MP: 4/12
 25577 | D:15     | Found a staircase to the Depths.
 26285 | Orc:1    | Entered Level 1 of the Orcish Mines
 26339 | Orc:1    | Found a roughly hewn altar of Beogh.
 26484 | Orc:2    | Entered Level 2 of the Orcish Mines
 26505 | Orc:2    | Noticed Nessos
 27676 | Orc:1    | Reached skill level 21 in Axes
 27896 | Orc:2    | Killed Nessos
 28264 | Orc:2    | Noticed Donald
 28286 | Orc:1    | Killed Donald
 28946 | Orc:2    | Received a gift from Trog
 28990 | Orc:2    | Found a staircase to the Elven Halls.
 29467 | Orc:2    | Found Engiac's Weapon Emporium.
 29470 | Orc:2    | Found Ucazxy's Weapon Shop.
 29475 | Orc:2    | Noticed Rupert
 29478 | Orc:2    | Reached skill level 22 in Axes
 29496 | Orc:2    | Killed Rupert
 29528 | Orc:2    | Noticed Sonja
 29536 | Orc:2    | Killed Sonja
 29538 | Orc:2    | Noticed an orc warlord
 29550 | Orc:2    | Killed an orc warlord
 29563 | Orc:2    | HP: 7/144 [orc warrior/glaive[an orc warlord] (27)]
 29828 | Orc:2    | Found Ciluda's Assorted Antiques.
 29833 | Orc:2    | Found Idoening's Gadget Boutique.
 29856 | Orc:2    | Bought a scroll of identify for 56 gold pieces
 29856 | Orc:2    | Bought a potion of curing for 84 gold pieces
 29856 | Orc:2    | Bought a scroll of identify for 56 gold pieces
 30070 | Orc:2    | Identified the +4 long sword of Pride {slice, rN+ Stlth+}
                  | (Trog gifted it to you on level 14 of the Dungeon)
 30221 | Spider:1 | Entered Level 1 of the Spider Nest
 30741 | Spider:1 | Received a gift from Trog
 31184 | Spider:1 | Killed a ghost moth
 31273 | Spider:1 | Reached skill level 23 in Axes
 32397 | Spider:2 | Reached XP level 16. HP: 151/151 MP: 13/13
 33653 | Spider:2 | Reached skill level 24 in Axes
 36444 | Spider:4 | Entered Level 4 of the Spider Nest
 36552 | Spider:4 | Received a gift from Trog
 36609 | Spider:4 | Reached skill level 25 in Axes
 36963 | Spider:4 | HP: 10/226 [disintegration (17)]
 37438 | Spider:4 | Got a pair of polished boots
 37447 | Spider:4 | Identified the +0 pair of boots "Kaniph" {rCorr Str+4} (You
                  | found it on level 4 of the Spider Nest)
 38025 | Spider:4 | Reached XP level 17. HP: 102/158 MP: 0/14
 38146 | Spider:4 | Received a gift from Trog
 39178 | Spider:4 | Reached skill level 26 in Axes
 39970 | Spider:4 | Got a gossamer rune of Zot
 40007 | Spider:4 | Reached XP level 18. HP: 168/168 MP: 15/15
 40189 | Shoals:1 | Entered Level 1 of the Shoals
 40193 | Lair:3   | Upgraded the game from 0.22.0-35-ge4bf2f5f59 to
                  | 0.22.0-49-gab54619674
 40892 | Shoals:1 | Noticed Roxanne
 42179 | Shoals:1 | Killed Roxanne
 42779 | Shoals:2 | Reached skill level 27 in Axes
 44392 | Shoals:2 | Identified a scroll of acquirement
 45543 | Shoals:3 | Paralysed by a Zot trap for 5 turns
 46180 | Shoals:3 | Reached XP level 19. HP: 48/181 MP: 16/16
 46575 | Shoals:3 | Noticed Ilsuiw
 46594 | Shoals:3 | Killed Ilsuiw
 47125 | Shoals:4 | Entered Level 4 of the Shoals
 47204 | Shoals:4 | Got a twisted ring mail
 47210 | Shoals:4 | Identified the cursed +0 ring mail "Iweypeil" {rF+ rC+
                  | Regen+ Stlth+} (You found it on level 4 of the Shoals)
 47795 | Shoals:4 | Found Few Paus's General Store.
 47799 | Shoals:4 | Bought 2 potions of invisibility for 240 gold pieces
 47799 | Shoals:4 | Bought a scroll of summoning for 142 gold pieces
 47853 | Shoals:4 | Found Pimyv's Book Emporium.
 47868 | Shoals:4 | Received a gift from Trog
 48728 | Shoals:4 | Identified the Almanac of the Glacial Traveller
 49263 | Shoals:4 | Got a barnacled rune of Zot
 50252 | Vaults:1 | Entered Level 1 of the Vaults
 51243 | Vaults:1 | Noticed Saint Roka
 51254 | Vaults:1 | Killed Saint Roka
 52065 | Vaults:1 | Received a gift from Trog
 52680 | Vaults:2 | Found a flickering gateway to a bazaar.
 52701 | Bazaar   | Entered a bazaar
 52705 | Bazaar   | Found Imum's Gadget Boutique.
 52726 | Bazaar   | Found Xizef's Armour Shoppe.
 52744 | Bazaar   | Found Pefoh's Assorted Antiques.
 52761 | Bazaar   | Found Saux's Antique Armour Emporium.
 52799 | Bazaar   | Bought a fine plate armour for 588 gold pieces
 52799 | Bazaar   | Identified the +2 plate armour "Mupooteo" {SInv} (You
                  | bought it in a shop in a bazaar)
 52830 | Bazaar   | Bought the +9 plate armour "Susocaoc" {Regen+} for 1200
                  | gold pieces
 53003 | Vaults:2 | Reached XP level 20. HP: 195/195 MP: 17/17
 53608 | Vaults:2 | Found a staircase to the Crypt.
 53616 | Vaults:2 | Received a gift from Trog
 54414 | Vaults:3 | Noticed Xtahua
 54421 | Vaults:3 | Paralysed by Xtahua for 7 turns
 54430 | Vaults:3 | HP: 14/298 [fire elemental[a deep elf mage] (12)]
 54431 | Vaults:3 | Killed from afar by an orc priest

Skill      XL: |  1  2  3  4  5  6  7  8  9 10 11 12 13 14 15 16 17 18 19 20 |
---------------+-------------------------------------------------------------+-----
Axes           | 4 5 6 7 8 10 11 13 16 20 23 25 26 27 | 27.0
Armour         | 3 11 15 16 18 19 | 19.5
Fighting       | 12 16 18 20 21 | 21.7
Dodging        | |  2.1

Action                   |  1- 3 |  4- 6 |  7- 9 | 10-12 | 13-15 | 16-18 | 19-21 || total
-------------------------+-------+-------+-------+-------+-------+-------+-------++-------
Melee: Hand axe          |    90 |   197 |   111 |       |       |       |       ||   398
       Headbutt          |    20 |    31 |    42 |   125 |   236 |   185 |   139 ||   778
       War axe           |       |       |   242 |   357 |       |       |       ||   599
       Battleaxe         |       |       |       |    72 |   974 |       |   215 ||  1261
       Executioner's axe |       |       |       |       |    36 |   815 |   309 ||  1160
Invok: Berserk           |     1 |     3 |     6 |    13 |    19 |    10 |     7 ||    59
       Brothers in Arms  |       |       |       |     6 |    10 |    11 |     2 ||    29
       Trog's Hand       |       |       |       |     1 |     4 |     2 |     3 ||    10
Evoke: Wand              |       |       |       |       |       |     1 |     2 ||     3
  Use: Scroll            |       |       |     8 |     6 |    18 |    14 |     5 ||    51
       Potion            |       |       |     5 |       |     4 |     9 |       ||    18
 Stab: Sleeping          |     2 |       |       |       |       |       |       ||     2
       Distracted        |       |       |       |       |       |     1 |       ||     1
  Eat: Chunk             |     1 |    11 |    10 |    29 |    67 |    29 |    23 ||   170
       Ration            |       |       |     2 |     4 |     4 |     8 |     3 ||    21
Armor: Animal skin       |    14 |     9 |       |       |       |       |       ||    23
       Chain mail        |       |    37 |   107 |       |       |       |       ||   144
       Scale mail        |       |       |    20 |   104 |   156 |       |       ||   280
       Skin              |       |       |     7 |       |       |       |       ||     7
       Plate armour      |       |       |       |       |   429 |   235 |   113 ||   777
       Storm dragon scal |       |       |       |       |       |   454 |   192 ||   646
Dodge: Dodged            |    43 |    70 |   113 |   180 |   502 |   390 |   173 ||  1471
